 Dungeon Crawl Stone Soup version 0.30.0-29-ga12c61a403 (webtiles) character file.

Game seed: 11511620319236612030

29 croobank the Sneak (level 3, -6/39 HPs)
             Began as an Octopode Delver on June 19, 2023.
             Killed by divine providence
             ... invoked by an orc priest
              (9 damage)
             ... on level 5 of the Dungeon.
             The game lasted 00:03:18 (373 turns).

croobank the Sneak (Octopode Delver)                 Turns: 373, Time: 00:03:18

Health: -6/39      AC: 21    Str: 11    XL:     3   Next: 16%
Magic:  3/3        EV:  2    Int: 14    God:
Gold:   47         SH:  0    Dex: 13    Spells: 2/2 levels left

rFire   . . .        a - +0 hand axe
rCold   . . .        (no shield)
rNeg    . . .        (helmet currently unavailable)
rPois   +            (no amulet)
rElec   .            (no ring)
rCorr   .            (no ring)
SInv    .            (no ring)
Will    .....        (no ring)
Stlth   +++          (no ring)
HPRegen 0.26/turn    (no ring)
MPRegen 0.08/turn    (no ring)
                     (no ring)

%: no passive effects
@: tree-form, hasted, very quick
A: stationary, stasis, torment immunity, boosted hp, almost no armour,
(amphibious), 8 rings, (camouflage 1), (gelatinous body 1), (nimble swimmer 1),
(tentacles)
a: no special abilities


You were on level 5 of the Dungeon.
You were a tree.
You visited 1 branch of the dungeon, and saw 4 of its levels.

You collected 47 gold pieces.

Inventory:

Hand Weapons
 a - a +0 hand axe (weapon)
Missiles
 i - 2 boomerangs (quivered)
Jewellery
 h - a ring of fire
Wands
 f - a wand of digging (3)
Scrolls
 b - a scroll of fog
 d - a scroll of fear
 g - a scroll of identify {unknown}


   Skills:
 + Level 3.3 Fighting
 + Level 2.4 Axes
 + Level 2.4 Dodging
 + Level 6.9 Stealth
 + Level 0.0 Spellcasting


You had 2 spell levels left.
You didn't know any spells.
Your spell library was empty.

Dungeon Overview and Level Annotations

Branches:
Dungeon (7/15)             Temple (0/1) D:5

Altars:
Elyvilon

Annotations:
D:4 Sigmund
D:5 3 runed translucent doors, Tiring's ghost, novice TeRe


Innate Abilities, Weirdness & Mutations

You are a tree.
Your roots penetrate the ground, keeping you stationary.
You cannot be teleported.
You are immune to unholy pain and torment.
Your maximum health is greatly increased.
You cannot wear most types of armour.
((You are amphibious.))
You can wear up to eight rings at the same time.
((Your skin changes colour to match your surroundings (Stealth+).))
((Your rubbery body absorbs attacks. (AC +1, EV +1)))
((You are camouflaged when in or above water. (Stealth+)))
((You have tentacles for arms and can constrict up to eight enemies at once.))


Message History

The orc priest looks satisfied for a moment.
Okay, then.
Non-targeted confused throw: 3 boomerangs
Press: ? - help, Q - select action Dir - look around, f - activate Look: an adder (asleep)
You throw a boomerang. The orc shouts!
The adder hisses angrily.
Non-targeted confused throw: 2 boomerangs
Press: ? - help, Q - select action Dir - look around, f - activate You throw a boomerang.
The boomerang misses the adder.
A scorpion comes into view.
Non-targeted confused throw: 2 boomerangs
Press: ? - help, Q - select action Dir - look around, f - activate You throw a boomerang.
You feel less confused. The adder bites you but does no damage.
An orc wizard comes into view. It is wielding a +0 dagger. x2
The adder bites you but does no damage.
Throw: 2 boomerangs
Press: ? - help, Q - select action Shift-Dir - straight line, f - adder
Aim: an adder (38% to hit)
You throw a boomerang. The orc wizard shouts!
The orc wizard shouts!
The boomerang hits the adder.
The adder is moderately wounded.
The adder bites you but does no damage. x2
The orc wizard gestures at you while chanting.
The magic dart hits you.
* * * LOW HITPOINT WARNING * * *
The orc priest hits you but does no damage.
Okay, then.
Okay, then.
You feel yourself speed up. The adder bites you but does no damage.
The orc hits you from afar with a +0 trident.
* * * LOW HITPOINT WARNING * * *
The orc priest mumbles some strange prayers to Beogh against you.
Beogh smites you!
You die...

..# #.#...,,,...,,,,,**********
#.#####.#.##***#.#***,,* ****
...........## #.# *,,# *,,,
###.###.....####.####..#** *,**
#.# #.................,* ***,**
#.#*#.....####..###..*,* *,,,,,
#.#.......# #..# *,,*,***,,,,,
#.#.#.#.### #..# *,,*,*,,,,,,,
###.#.#.#.#*** #♣.#**,,,,,,*,,,,,
o....,...#.,,* #So......,***,,,,,
###.,##.#,##,**#o..###o.,********
....,,..,,,,,*,.s....,,,,,,,,**,,
##.#,,,,,,,,,,,#.....#,,,,****,,,
**,,,,,,,,*****##o.#.#,,,,* **,⌠,
,,,>,**,*********.<#.#,,,,***,,,,
#***,**,,,,,,,,,,..#,#,,,,,,*,,,,
*,*************,*,*,,,,,,+,,,8


You could see a scorpion, an orc priest, 2 orc wizards, an adder and an orc.

Vanquished Creatures
  An iguana (D:5)
  An orc (D:4)
2 creatures vanquished.

Notes
Turn   | Place    | Note
-------+----------+-------------------------------------------
     0 | D:5      | croobank the Octopode Delver began the quest for the Orb.
     0 | D:5      | Reached XP level 1. HP: 16/16 MP: 1/1
    10 | D:5      | Noticed a gnoll sergeant
    10 | D:5      | Noticed a yak
    12 | D:5      | Found a runed translucent gate.
    12 | D:5      | Found a runed translucent gate.
    14 | D:5      | Found a runed translucent gate.
    18 | D:5      | Noticed a hound
    20 | D:5      | Noticed Tiring's ghost (novice TeRe)
   146 | D:5      | Found a white marble altar of Elyvilon.
   146 | D:5      | Noticed an iguana
   213 | D:5      | Noticed an iguana
   250 | D:5      | Killed an iguana
   251 | D:5      | Reached XP level 2. HP: 8/21 MP: 2/2
   251 | D:5      | Reached XP level 3. HP: 10/26 MP: 3/3
   359 | D:4      | Noticed Sigmund
   370 | D:5      | Noticed a scorpion
   373 | D:5      | Killed from afar by an orc priest

Illustrated notes

Levels and vault maps discovered:
D:4:      minmay_skewed_foursquare, layout_basic, enter_ossuary_1,
          uniq_crazy_yiuf_cottage, uniq_sigmund
D:5:      layout_loops_ring, elyvilon_altar_3, gammafunk_temple_overflow_pools,
          minmay_temple_entry_enclosed_plants, gammafunk_ghost_split
D:6:      layout_gridville
D:7:      wad_river_or_something, layout_loops_ring, amcnicky_altar_gilded,
          nicolae_dithmenos_shadow_blocks, enter_bailey_3

Action                     || total
---------------------------++-------
  Melee: Hand axe          ||     7
         Constrict         ||     2
         Tentacles         ||     2
  Throw: Boomerang         ||     4
    Use: Scroll            ||     1
         Potion            ||     2
 Armour: Skin              ||     6
  Dodge: Dodged            ||     3
